 Dungeon Crawl Stone Soup version 0.24-a0-139-geb6712d24a (webtiles) character file.

Game seed: 10012897401243026804

184 MrRokkomies the Ducker (level 5, -3/27 HPs)
             Began as a Spriggan Abyssal Knight on Mar 2, 2019.
             Was a Believer of Lugonu.
             Slain by an orc priest
             ... wielding a +0 mace
              (6 damage)
             ... on level 5 of the Dungeon.
             The game lasted 00:09:47 (4128 turns).

MrRokkomies the Ducker (Spriggan Abyssal Knight)    Turns: 4128, Time: 00:09:48

Health: -3/27      AC:  3    Str:  9    XL:     5   Next: 36%
Magic:  7/8        EV: 20    Int: 13    God:    Lugonu [**....]
Gold:   224        SH:  0    Dex: 16    Spells: 4/4 levels left

rFire    . . .     SeeInvis +   a - +2 short sword
rCold    . . .     Gourm    .   (shield restricted)
rNeg     . . .     Faith    .   m - +1 robe
rPois    .         Spirit   .   (helmet restricted)
rElec    .         Reflect  .   (no cloak)
rCorr    .         Harm     .   (gloves unavailable)
MR       +....                  (boots unavailable)
Stlth    +.........             (no amulet)
HPRegen  0.09/turn              g - ring of protection from magic (curse)
MPRegen  0.11/turn              (no ring)

@: very quick
A: very small, unfitting armour, see invisible, herbivore, speed 3, slow
metabolism 2
a: Depart the Abyss, Bend Space, Renounce Religion


You were on level 5 of the Dungeon.
You worshipped Lugonu.
Lugonu was pleased with you.
You were very hungry.

You visited 1 branch of the dungeon, and saw 5 of its levels.
You visited the Abyss 1 time.

You collected 224 gold pieces.

Inventory:

Hand Weapons
 a - a +2 short sword (weapon)
 b - a +0 hunting sling
Missiles
 n - 76 stones (quivered)
 q - 8 tomahawks
Armour
 m - a +1 robe (worn)
Jewellery
 g - a cursed ring of protection from magic (left hand)
Wands
 h - a wand of enslavement (7)
 o - a wand of scattershot (3)
Scrolls
 j - 3 scrolls of teleportation
 k - 3 scrolls of remove curse
 l - a scroll of amnesia {unknown}
Potions
 d - a potion of might {unknown}
 e - a potion of heal wounds {unknown}
 f - a potion of haste {unknown}
 i - a potion of flight {unknown}
 p - a potion of berserk rage {unknown}
Comestibles
 c - 11 rations


   Skills:
 - Level 2.4 Fighting
 * Level 4.2 Short Blades
 + Level 4.9 Dodging
 * Level 3.7 Invocations


You had 4 spell levels left.
You didn't know any spells.
Your spell library was empty.

Dungeon Overview and Level Annotations

Branches:
Dungeon (5/15)
 Temple: D:4-7

Altars:
Dithmenos
Gozag
Hepliaklqana
Makhleb
Okawaru
Qazlal
Vehumet
Wu Jian
Xom
Zin


Innate Abilities, Weirdness & Mutations

You are very small and have problems with some larger weapons.
You are too small for most types of armour.
You have supernaturally acute eyesight. (SInv)
You are a herbivore.
You cover ground extremely quickly.
You need to consume almost no food.


Message History

You are too injured to fight recklessly!
You closely miss the orc.
The orc is severely wounded.
The orc barely misses you.
You barely miss the orc.
The orc is severely wounded.
The orc hits you but does no damage.
You closely miss the orc.
The orc is severely wounded.
The orc priest invokes the aid of Beogh against you.
Beogh smites you!
* * * LOW HITPOINT WARNING * * *
The orc completely misses you.
You closely miss the orc.
The orc is severely wounded.
The orc misses you.
You hit the orc but do no damage.
The orc is severely wounded.
Space bends around you!
You blink.
The orc priest hits you with a +0 mace.
You die... ####### #.@oo§# #.##### #. ##

You could see an orc priest and an orc.

Vanquished Creatures
  4 adders
  4 gnolls (D:3)
  4 oozes
  A worm (D:3)
  A dart slug (D:1)
  2 leopard geckos
  5 orcs
  8 giant cockroaches
  9 goblins
  10 hobgoblins
  3 jackals (D:3)
  2 quokkas
  2 ball pythons
  9 bats
  5 frilled lizards
  2 kobolds
  6 rats
77 creatures vanquished.

Notes
Turn   | Place    | Note
-------+----------+-------------------------------------------
     0 | Abyss:1  | MrRokkomies the Spriggan Abyssal Knight began the quest for
                  | the Orb.
     0 | Abyss:1  | Reached XP level 1. HP: 11/11 MP: 3/3
    14 | Abyss:1  | Found a burning altar of Makhleb.
   118 | Abyss:1  | Noticed an ancient zyme
   150 | D:1      | Escaped the Abyss
   482 | D:1      | Reached XP level 2. HP: 13/16 MP: 4/4
   697 | D:1      | Reached * piety under Lugonu
  1173 | D:1      | Reached XP level 3. HP: 18/19 MP: 5/5
  1225 | D:2      | Found a hazy altar of Hepliaklqana.
  1286 | D:2      | Found an iron altar of Okawaru.
  1288 | D:2      | Found a radiant altar of Vehumet.
  1288 | D:2      | Found a shimmering altar of Xom.
  1289 | D:2      | Found a burning altar of Makhleb.
  1831 | D:2      | Reached XP level 4. HP: 21/23 MP: 7/7
  2133 | D:2      | Found a shadowy altar of Dithmenos.
  2214 | D:3      | Reached ** piety under Lugonu
  2511 | D:3      | Found an opulent altar of Gozag.
  3130 | D:3      | Reached XP level 5. HP: 19/27 MP: 8/8
  3748 | D:3      | Found an ornate altar of the Wu Jian Council.
  3748 | D:3      | Found a faded altar of an unknown god.
  3753 | D:3      | Found a faded altar of an unknown god.
  3755 | D:3      | Found a glowing silver altar of Zin.
  3756 | D:3      | Found a stormy altar of Qazlal.
  3929 | D:5      | Entered Level 5 of the Dungeon
  4128 | D:5      | Slain by an orc priest

Levels and vault maps discovered:
D:1:      minmay_arrival_diagonal_passages, layout_basic, serial_curves,
          eino_curves_02, eino_curves_04
D:2:      layout_rooms, lemuel_round_altar, lemuel_crystal_altar,
          grunt_temple_overflow_open, serial_park_tiny_2, st_stairs_10
D:3:      layout_loops_ring, chequers_temple_overflow_minitemple,
          nicolae_gozag_cash_rules_everything_around_me,
          kennysheep_another_room, minmay_misc_feat_rows
D:4:      layout_basic, minmay_temple_entry_enclosed_plants, first_ration,
          skrybe_limestone_x, brannock_xom_greatest_gift
D:5:      layout_basic, minmay_misc_feat_rugged, nrook_campfire
Abyss:1

Skill      XL: |  1  2  3  4  5 |
---------------+----------------+-----
Invocations    | 2 3 |  3.7
Dodging        | 4 |  4.9
Short Blades   | 3 4 |  4.2
Fighting       | |  2.4

Action                   |  1- 3 |  4- 6 || total
-------------------------+-------+-------++-------
Melee: Short sword       |   149 |   163 ||   312
 Fire: Hunting sling     |       |    36 ||    36
Invok: Depart the Abyss  |     1 |       ||     1
       Bend Space        |       |     1 ||     1
Evoke: Wand              |       |     1 ||     1
  Use: Scroll            |     3 |     2 ||     5
 Stab: Sleeping          |     4 |     3 ||     7
Armor: Robe              |    12 |    12 ||    24
Dodge: Dodged            |   155 |   149 ||   304

Table legend:
 A = Non-vault XP
 B = Vault XP
 C = Vault XP percentage of total XP
 D = Non-vault monster count
 E = Vault monster count
 F = Vault count percentage of total count
                 A         B        C        D         E       F
            +---------+---------+-------+---------+---------+-------
      Total |     260 |       3 |   1.1 |      75 |       2 |   2.6
            +---------+---------+-------+---------+---------+-------
        D:1 |      41 |       0 |   0.0 |      20 |       0 |   0.0
        D:2 |      79 |       3 |   3.7 |      23 |       2 |   8.0
        D:3 |     137 |       0 |   0.0 |      31 |       0 |   0.0
        D:4 |       3 |       0 |   0.0 |       1 |       0 |   0.0
            +---------+---------+-------+---------+---------+-------
